 Dungeon Crawl Stone Soup version 0.28.0 (webtiles) character file.

Game seed: 14660434238016003332

2615 horus123 the Fiendish (level 9, -2/65 HPs)
             Began as a Demonspawn Monk on Feb 9, 2022.
             Was a Priest of Makhleb.
             Slain by a cyclops (18 damage)
             ... on level 8 of the Dungeon.
             The game lasted 00:14:36 (7667 turns).

horus123 the Fiendish (Demonspawn Monk)             Turns: 7667, Time: 00:14:37

Health: -2/65      AC: 18    Str: 15    XL:     9   Next: 34%
Magic:  19/19      EV: 11    Int: 16    God:    Makhleb [***...]
Gold:   379        SH:  0    Dex: 16    Spells: 17/22 levels left

rFire   + . .      SeeInvis .   b - +2 mace (venom)
rCold   + . .      Faith    .   q - orb {*Rage}
rNeg    . . .      Spirit   .   i - +1 ring mail of the Wasteland {Rampage Str+4}
rPois   .          Reflect  .   t - +5 helmet of Fun and Games {rC+ Slay+3}
rElec   .          Harm     .   n - +0 cloak of Rutawyl {Fly rF+ Will+}
rCorr   .          Rampage  +   d - +1 pair of gloves
Will    ++...      Rage     20% (no boots)
Stlth   +.........              (no amulet)
HPRegen 0.20/turn               r - ring of willpower
MPRegen 0.16/turn               (no ring)

@: flying
A: slimy green scales 2, foul stench 1
a: Renounce Religion, Minor Destruction, Lesser Servant of Makhleb


You were on level 8 of the Dungeon.
You worshipped Makhleb.
Makhleb was most pleased with you.
You visited 1 branch of the dungeon, and saw 8 of its levels.

You collected 379 gold pieces.

Inventory:

Hand Weapons
 a - a +0 mace
 b - a +2 mace of venom (weapon)
 p - a +2 dagger of chaos
Armour
 d - a +1 pair of gloves (worn)
 i - the +1 ring mail of the Wasteland (worn) {Rampage Str+4}
   (You found it on level 2 of the Dungeon)

   Str:       It affects your strength (+4).
   Rampage:   It bestows one free step when moving towards enemies.
 n - the +0 cloak of Rutawyl (worn) {Fly rF+ Will+}
   (You found it on level 4 of the Dungeon)

   rF:        It protects you from fire.
   Fly:       It grants you flight.
   Will:      It increases your willpower.
 q - an orb of wrath (worn)
 t - the +5 helmet of Fun and Games (worn) {rC+ Slay+3}
   (You found it on level 5 of the Dungeon)

   Slay:      It affects your accuracy & damage with ranged weapons and melee
   (+3).
   rC:        It protects you from cold.
 w - an orb of light
Jewellery
 l - an amulet of guardian spirit
 r - a ring of willpower (left hand)
 C - a ring of flight
Wands
 k - a wand of iceblast (7)
 o - a wand of polymorph (9)
 y - a wand of paralysis (13)
Scrolls
 h - 3 scrolls of magic mapping
 s - 2 scrolls of teleportation
 u - 2 scrolls of identify
 x - a scroll of immolation
Potions
 c - 2 potions of curing
 e - 3 potions of lignification
 f - a potion of haste
 g - a potion of berserk rage {unknown}
 j - a potion of heal wounds
 m - a potion of brilliance {unknown}
 v - a potion of degeneration {unknown}
 z - 2 potions of resistance {unknown}
 A - a potion of might {unknown}
 B - a potion of flight {unknown}


   Skills:
 - Level 4.0 Fighting
 - Level 3.0 Maces & Flails
 - Level 2.6 Dodging
 - Level 1.7 Stealth
 - Level 7.1 Spellcasting
 - Level 7.0 Conjurations
 - Level 8.1 Invocations


You had 17 spell levels left.
You knew the following spells:

 Your Spells              Type           Power      Damage    Failure   Level
a - Fireball              Conj/Fire      8%         3d6       83%         5

Your spell library contained the following spells:

 Spells                   Type           Power      Damage    Failure   Level
 Apportation              Tloc           10%        N/A       24%         1
 Beastly Appendage        Tmut           10%        N/A       24%         1
 Pain                     Necr           20%        1d5       24%         1
 Mephitic Cloud           Conj/Pois/Air  13%        N/A       28%         3
 Wereblood                Tmut           5%         N/A       36%         2
 Iskenderun's Battlesphe  Conj           28%        2d8       36%         5
 Confusing Touch          Hex            5%         N/A       58%         3
 Ignite Poison            Fire/Tmut/Pois 5%         N/A       58%         3
 Spider Form              Tmut/Pois      5%         N/A       58%         3
 Tukima's Dance           Hex            5%         N/A       58%         3
 Anguish                  Hex/Necr       2%         N/A       94%         4
 Freezing Cloud           Conj/Ice/Air   6%         6-21      95%         5
 Agony                    Necr           5%         N/A       100%        5
 Alistair's Intoxication  Tmut/Pois      3%         N/A       100%        5
 Excruciating Wounds      Necr           2%         N/A       100%        5
 Yara's Violent Unravell  Hex/Tmut       2%         3d3       100%        5
 Conjure Ball Lightning   Conj/Air       8%         3x3d6     100%        6
 Enfeeble                 Hex            2%         N/A       100%        7
 Orb of Destruction       Conj           14%        9d7       100%        7


Dungeon Overview and Level Annotations

Branches:
Dungeon (8/15)             Temple (0/1) D:5
   Lair: D:8-11

Altars:
Elyvilon
Makhleb
Sif Muna
Uskayaw
Vehumet
Xom

Shops:
D:2 **!   D:8 !

Annotations:
D:6 2 transporters, jfcaron's ghost, novice BaSu


Innate Abilities, Weirdness & Mutations

You are mostly covered in slimy green scales. (AC +3)
You may rarely emit foul miasma when damaged in melee.


Message History

The zap hits the orc.
The orc is heavily wounded.
The puff of flame misses the orc.
The stone arrow misses the orc.
The orc closely misses you.
The stone arrow misses the orc.
The orc barely misses you.
The stone arrow hits the orc!
You kill the orc!
Makhleb accepts your kill.
No target in view!
You see here a +0 hand axe.
y - a wand of paralysis (13) (gained 11 charges)
There is an entrance to Yserch's Distillery here.
HP restored.
Found a burning altar of Makhleb.
You have 379 gold pieces.
A cyclops comes into view.
The cyclops shouts!
The cyclops throws a large rock.
The large rock hits you!!!
Ouch! That really hurt!
The cyclops throws a large rock.
The large rock closely misses you.
You feel much better.
You hit the cyclops.
The cyclops is poisoned.
The cyclops is lightly wounded.
The cyclops closely misses you.
You sock the cyclops!
The cyclops looks as sick as possible!
The cyclops is moderately wounded.
The cyclops hits you!
You hit the cyclops but do no damage.
The cyclops looks as sick as possible!
The cyclops is moderately wounded.
The cyclops closely misses you.
You thump the cyclops!
The cyclops is severely wounded.
You completely miss the cyclops.
The cyclops is severely wounded.
The cyclops hits you!
* * * LOW HITPOINT WARNING * * *
You barely miss the cyclops.
The cyclops is severely wounded.
The cyclops hits you!!
You die...

..##.......#
...........#####
.##.....♣......#
#...#..#####.##
#....♣∩♣ #..#
#......# ##.#
######♣# #.##
####..# #..@#.#
#.♣C..# #
._.....
.♣..##### #...##
# ###


You could see a cyclops (extremely poisoned).

Vanquished Creatures
  Menkaure (D:5)
  2 water moccasins (D:7)
  3 sky beasts
  2 orc warriors
  An ice beast (D:7)
  3 black bears
  A necrophage (D:7)
  2 ogres
  A centaur (D:6)
  A phantom (D:6)
  2 bullfrogs (D:7)
  A gnoll sergeant (D:7)
  A crimson imp (D:4)
  A centaur zombie (D:7)
  A bullfrog zombie (D:6)
  2 jellies
  An orc priest (D:5)
  2 hounds (D:6)
  A centaur skeleton (D:4)
  A gnoll shaman (D:4)
  Ijyb (D:3)
  7 orc wizards
  Natasha (thrice) (D:3)
  A hound skeleton (D:4)
  A howler monkey zombie (D:6)
  Robin (D:3)
  8 gnolls
  A howler monkey skeleton (D:6)
  5 adders
  An adder skeleton (D:4)
  3 worms
  A dart slug (D:4)
  18 orcs
  2 ball pythons (D:1)
  9 endoplasms
  2 giant cockroaches
  17 goblins
  8 hobgoblins
  A quokka (D:1)
  6 bats
  3 frilled lizards (D:2)
  6 kobolds
  8 rats
143 creatures vanquished.

Vanquished Creatures (others)
  2 plants (D:2)
2 creatures vanquished.

Grand Total: 145 creatures vanquished

Notes
Turn   | Place    | Note
-------+----------+-------------------------------------------
     0 | D:1      | horus123 the Demonspawn Monk began the quest for the Orb.
     0 | D:1      | Reached XP level 1. HP: 18/18 MP: 1/1
   532 | D:1      | Gained mutation: You are partially covered in slimy green
                  | scales. (AC +2) [demonic ancestry]
   532 | D:1      | Reached XP level 2. HP: 21/24 MP: 2/2
  1014 | D:1      | Reached XP level 3. HP: 30/30 MP: 3/3
  1191 | D:2      | Found Hadaasyppe's General Store.
  1435 | D:2      | Found Basoasej's Distillery.
  1593 | D:2      | Reached skill level 1 in Spellcasting
  1718 | D:2      | Found Maofren's Assorted Antiques.
  1870 | D:2      | Identified the +1 ring mail of the Wasteland {Rampage
                  | Str+4}
  1904 | D:2      | Found a burning altar of Makhleb.
  1923 | D:2      | Became a worshipper of Makhleb the Destroyer
  1923 | D:2      | Reached * piety under Makhleb
  1923 | D:2      | Reached ** piety under Makhleb
  1967 | D:2      | Reached skill level 1 in Invocations
  1967 | D:2      | Reached XP level 4. HP: 37/37 MP: 6/6
  2497 | D:3      | Reached skill level 2 in Invocations
  2627 | D:3      | Noticed Robin
  2646 | D:3      | Killed Robin
  2647 | D:3      | Reached skill level 3 in Invocations
  2684 | D:3      | Noticed Ijyb
  2700 | D:3      | Killed Ijyb
  2701 | D:3      | Reached XP level 5. HP: 37/42 MP: 7/7
  2787 | D:3      | Reached skill level 4 in Invocations
  2882 | D:3      | Noticed Natasha
  2890 | D:3      | Killed Natasha
  3004 | D:3      | Found a faded altar of an unknown god.
  3019 | D:3      | Noticed Natasha
  3026 | D:3      | Killed Natasha
  3027 | D:3      | Reached skill level 5 in Invocations
  3031 | D:3      | Noticed Natasha
  3040 | D:3      | Killed Natasha
  3484 | D:4      | Reached skill level 6 in Invocations
  3484 | D:4      | Gained mutation: You are mostly covered in slimy green
                  | scales. (AC +3) [demonic ancestry]
  3484 | D:4      | Reached XP level 6. HP: 22/48 MP: 10/10
  3724 | D:4      | Identified the +0 cloak of Rutawyl {Fly rF+ Will+}
  3812 | D:4      | Found a shimmering altar of Xom.
  3812 | D:4      | Found a burning altar of Makhleb.
  3818 | D:4      | Reached *** piety under Makhleb
  4029 | D:4      | Reached skill level 7 in Invocations
  4168 | D:4      | Found a radiant altar of Vehumet.
  4238 | D:4      | Learned a level 5 spell: Fireball
  4332 | D:5      | Entered Level 5 of the Dungeon
  4332 | D:5      | Found a staircase to the Ecumenical Temple.
  4429 | D:5      | Identified the +5 helmet of Fun and Games {rC+ Slay+3}
  4574 | D:5      | Found a hide-covered altar of Uskayaw.
  4634 | D:5      | Reached skill level 8 in Invocations
  4655 | D:5      | Reached XP level 7. HP: 49/54 MP: 13/13
  4856 | D:5      | Found a shimmering blue altar of Sif Muna.
  4894 | D:5      | Noticed Menkaure
  4903 | D:5      | Killed Menkaure
  5605 | D:5      | Reached skill level 5 in Spellcasting
  5725 | D:6      | Reached XP level 8. HP: 60/60 MP: 14/16
  5752 | D:6      | Noticed jfcaron's ghost (novice BaSu)
  5755 | D:6      | Found a transporter.
  5755 | D:6      | Found a transporter.
  6006 | D:6      | Reached skill level 1 in Conjurations
  6076 | D:6      | Noticed a queen bee
  6769 | D:7      | Reached skill level 5 in Conjurations
  6769 | D:7      | Gained mutation: You may rarely emit foul miasma when
                  | damaged in melee. [demonic ancestry]
  6769 | D:7      | Reached XP level 9. HP: 58/65 MP: 19/19
  7127 | D:7      | Reached **** piety under Makhleb
  7622 | D:8      | Found Yserch's Distillery.
  7656 | D:8      | Found a burning altar of Makhleb.
  7657 | D:8      | Noticed a cyclops
  7667 | D:8      | Slain by a cyclops

Illustrated notes

Levels and vault maps discovered:
D:1:      kennysheep_arrival_forest, layout_basic, serial_corexii_hall,
          corexii_hall_statues_i, corexii_hall_statues_deadend,
          chequers_hall_statues_corner_a
D:2:      layout_basic, basic_altar, serial_shops, shop_statue,
          nicolae_shop_behind_doors, nicolae_shop_overgrown_old_shop
D:3:      layout_basic, basic_ecumenical_altar, grunt_ministairs_15, uniq_robin,
          uniq_natasha, uniq_ijyb
D:4:      layout_loops_cross, mainiacjoe_overflow_six_doors_small,
          grunt_temple_overflow_champion_of_chaos, feat_on_display
D:5:      layout_basic, nicolae_sif_muna_little_library,
          mainiacjoe_overflow_paths, minmay_temple_entry_sparse_star,
          uniq_menkaure
D:6:      layout_cave_pools, gammafunk_ghost_hive
D:7:      layout_loops_ring, mainiacjoe_overflow_boulevard
D:8:      nzn_winding_woodlands_small [nzn_winding_woodlands_5x15_concentric,
          nzn_winding_woodlands_center_diamonds,
          nzn_winding_woodlands_5x15_sidewinder], layout_basic,
          ashenzari_conservatory_becter, serial_shops, nicolae_shop_trees,
          hangedman_feature_mirror, minmay_door_square, kennysheep_minor_cross

Skill      XL: |  1  2  3  4  5  6  7  8  9 |
---------------+----------------------------+-----
Maces & Flails | 3 |  3.0
Fighting       | 4 |  4.0
Spellcasting   | 1 2 5 7 |  7.1
Invocations    | 1 3 6 8 |  8.1
Conjurations   | 5 7 |  7.0
Dodging        | |  2.6
Stealth        | |  1.7

Action                   |  1- 3 |  4- 6 |  7- 9 || total
-------------------------+-------+-------+-------++-------
Melee: Mace              |   136 |   145 |    98 ||   379
       Punch             |     1 |     2 |       ||     3
Invok: Minor Destruction |       |    57 |    97 ||   154
  Use: Scroll            |     3 |     7 |     1 ||    11
       Potion            |       |       |     1 ||     1
 Stab: Sleeping          |     7 |     1 |     1 ||     9
Armor: Robe              |    45 |       |       ||    45
       Ring mail         |     4 |    78 |    98 ||   180
Dodge: Dodged            |   110 |   118 |    83 ||   311
